Zazza, neutral female human Tourist --------------- ---- #..............| |..| #|.........>...| |..| ----------- ###|.............| #-..| ##########..........-######|.............| #|..| |.........| ### -------.------- #|..| |..#.......####### ####### #|..| |.........|## # # #---- -----|-----# ### ### # -------- # ## # # # |>.....| ------ ### `## ### # |.......### |....| # # # # |......| # |....| ##### ### ## # |.......#####|....| --.---- # ---------.--# -------- #.....|### |......#########`############|...........# #------ # |.....| # #..........<| ## ##-@f...| ###|........#.| ------- #...........| ------------ # Zazza the Rambler Experience level: 1 Strength: 18 Dexterity: 10 Constitution: 13 Intelligence: 15 Wisdom: 8 Charisma: 18 Health: 0(10) Energy: 2(2) Def: 4 Gold: 1174 Moves: 1880 Dungeon seed: wxqEOHiD80G-53Ia Game ID: Zazza_1619106606 Your Inventory: Coins $ - 1174 gold pieces Weapons a - 36 blessed +2 darts (in quiver) l - 2 +0 arrows Armor e - an uncursed +0 Hawaiian shirt (being worn) r - a blessed +3 cloak of displacement (being worn) Comestibles b - an uncursed tin of lichen c - 8 uncursed food rations f - 2 uncursed tripe rations O - an uncursed lembas wafer Z - an uncursed slime mold Scrolls h - 3 uncursed scrolls of magic mapping m - an uncursed scroll of enchant armor y - an uncursed scroll of identify Spellbooks o - an uncursed spellbook of cure blindness Potions d - an uncursed potion of paralysis g - 2 uncursed potions of extra healing j - an uncursed potion of water p - a cursed potion of booze u - an uncursed potion of gain ability v - a cursed potion of hallucination w - an uncursed potion of oil A - an uncursed potion of blindness C - an uncursed potion of water D - an uncursed potion of hallucination F - an uncursed potion of levitation Rings X - an uncursed ring of conflict Tools i - an expensive camera (0:88) k - an uncursed skeleton key s - an uncursed magic whistle t - an uncursed towel x - a magic marker (0:48) z - an uncursed magic whistle B - a bag of tricks (0:19) I - a cursed oil lamp (0:1287) J - an uncursed oil lamp (0:1077) Gems n - an uncursed worthless piece of green glass q - an uncursed worthless piece of blue glass N - an uncursed topaz stone Spells and supernatural/magical abilities: Name Level Category Fail Memory W - pray for help -- divine ? -- Your skills at the end: Fighting Skills Weapon Skills dart [Basic] Spellcasting Skills Final Attributes: You were nominally aligned. You were displaced. You are dead. Vanquished creatures: a small mimic 2 giant rats a brown mold a green mold a red mold a gecko 6 jackals a fox 2 kobolds 4 sewer rats 2 lichens a kobold zombie 7 newts 30 creatures vanquished. Voluntary challenges: You were an atheist. You never hit with a wielded weapon. You read items or engraved 2 times, starting on turn 514. You never genocided any monsters. You never polymorphed an object. You never changed form. You used no wishes. You never split a pudding. You never wrote Elbereth's name. You never violated your personal moral code. Dungeon overview: The Dungeons of Doom: levels 1 to 4 Level 1 a fountain a long staircase Level 2 a fountain Level 3 a hardware shop, a fountain, a sink Level 4 <- You were here a potion shop, some sinks a long staircase History has recorded: On T:1 you entered the Dungeons of Doom to retrieve the Amulet of Yendor! On T:386 you reached level 2 of The Dungeons of Doom. On T:740 you reached level 3 of The Dungeons of Doom. On T:1420 you reached level 4 of The Dungeons of Doom. Score breakdown: Gold: 456 ( 9048 points) Experience: 1 level ( 0 points) Exploration: 4 levels ( 8.70%) ( 7745 points) Discoveries: 8 items ( 2.68%) ( 4915 points) Valuables value: (no points given unless you survive) Artifact value: 0 ( 0 points) Variety of kills: 13 monsters ( 3.41%) ( 5541 points) Turncount: 1880 turns ( 0 points) Survival: died (score multiplied by 80%) Total score: 21799 Latest messages: Armand bites the brown mold. The brown mold is killed! Armand bites the red mold. The red mold is killed! You see here a red mold corpse. E - a red mold corpse. This red mold corpse tastes terrible! You finish eating the red mold corpse. You displace Armand. This door is locked. That door is closed. You succeed in unlocking the door. The door opens. You displace Armand. The newt strikes at your displaced image and misses you! You displace Armand. Armand bites the newt. The newt is killed! A trap door in the ceiling opens and a rock falls on your head! You die... Final status: Aloha Zazza the Tourist, killed by a falling rock... You died in The Dungeons of Doom on dungeon level 4 with 21799 points, and 1174 pieces of gold, after 1880 moves. You were level 1 with a maximum of 10 hit points when you died.